 Dungeon Crawl Stone Soup version 0.30-a0-930-gb9d0489357 (webtiles) character file.

Game seed: 17617711722509586189

312 retardedninja the Covered (level 6, 0/55 HPs)
             Began as an Armataur Fighter on Mar 23, 2023.
             Succumbed to a water moccasin's poison
             ... on level 6 of the Dungeon.
             The game lasted 00:03:11 (3058 turns).

retardedninja the Covered (Armataur Fighter)        Turns: 3058, Time: 00:03:13

Health: 0/55       AC: 11    Str: 23    XL:     6   Next: 18%
Magic:  6/6        EV:  7    Int:  9    God:
Gold:   164        SH:  4    Dex:  9    Spells: 5/5 levels left

rFire   . . .      SeeInvis .    a - +0 war axe
rCold   x . .      Faith    .    c - +0 buckler
rNeg    . . .      Spirit   .    b - +0 scale mail
rPois   .          Reflect  .    (no helmet)
rElec   .          Roll     +    (no cloak)
rCorr   .                        (no gloves)
Will    .....                    (no barding) Stlth
                                 (no amulet)
HPRegen 0.29/turn                (no ring)
MPRegen 0.10/turn                (no ring)

@: lethally poisoned (0 -> -29)
A: large, rugged brown scales 3, deformed body, armoured tail, roll, long
tongue, awkward tongue, iridescent scales 2, wild magic 1, cold vulnerability 1,
MP-powered wands
a: no special abilities


You were on level 6 of the Dungeon.
You visited 1 branch of the dungeon, and saw 6 of its levels.

You collected 164 gold pieces.

Inventory:

Hand Weapons
 a - a +0 war axe (weapon)
Armour
 b - a +0 scale mail (worn)
 c - a +0 buckler (worn)
Jewellery
 i - a ring of poison resistance
 p - a ring of protection from fire
 r - an amulet of faith
 A - a +4 ring of protection
 B - a ring of see invisible
Wands
 v - a wand of flame (21)
Scrolls
 e - a scroll of blinking {unknown}
 f - 4 scrolls of enchant armour {unknown}
 g - 3 scrolls of teleportation {unknown}
 h - a scroll of immolation {unknown}
 l - a scroll of magic mapping {unknown}
 n - a scroll of brand weapon {unknown}
 o - 4 scrolls of amnesia {unknown}
 q - 2 scrolls of identify {unknown}
 w - a scroll of fear {unknown}
 y - a scroll of poison {unknown}
 C - a scroll of enchant weapon {unknown}
Potions
 d - 2 potions of might
 j - 3 potions of attraction {unknown}
 k - 5 potions of mutation
 m - a potion of cancellation {unknown}
 s - a potion of curing {unknown}
 t - a potion of invisibility {unknown}
 u - a potion of brilliance {unknown}
 x - 3 potions of flight {unknown}
 z - a potion of lignification {unknown}


   Skills:
 + Level 3.9 Fighting
 * Level 3.0 Axes
 + Level 5.2 Armour
 + Level 4.7 Shields


You had 5 spell levels left.
You didn't know any spells.
Your spell library contained the following spells:

 Spells                   Type           Power      Damage    Failure   Level
 Apportation              Tloc           0%         N/A       82%         1
 Necrotise                Necr           0%         1d4       82%         1
 Summon Small Mammal      Summ           0%         N/A       82%         1
 Olgreb's Toxic Radiance  Pois           0%         N/A       100%        4
 Ozocubu's Refrigeration  Ice            0%         4d7       100%        7
 Ignition                 Fire           0%         3d3       100%        8


Dungeon Overview and Level Annotations

Branches:
Dungeon (7/15)
 Temple: D:4-7

Altars:
Dithmenos
Makhleb
Okawaru

Shops:
D:3 *!(=*


Innate Abilities, Weirdness & Mutations

You are completely covered in rugged brown scales. (AC +3, +7% HP)
Armour fits poorly on your strangely shaped body.
You have a long armoured tail.
You roll when moving toward enemies. (Rampage)
Your long tongue fully drains potion bottles. (2x potion effects)
Your tongue gives you trouble enunciating. (1.5x scroll delay)
You are mostly covered in iridescent scales. (AC +4)
Your spells are a little harder to cast, but a little more powerful.
You are vulnerable to cold. (rC-)
You expend magic power (3 MP) to strengthen your wands.


Message History

The water moccasin bites you but does no damage.
You closely miss the water moccasin.
The water moccasin is severely wounded.
You block the water moccasin's attack. The water moccasin bites you.
You are poisoned.
The water moccasin poisons you!
You closely miss the water moccasin.
Your tail-slap misses the water moccasin.
The water moccasin is severely wounded.
You feel very sick. The water moccasin barely misses you.
The water moccasin bites you.
You barely miss the water moccasin.
The water moccasin is severely wounded.
You feel very sick. The water moccasin bites you!
The water moccasin closely misses you.
You hit the water moccasin but do no damage.
The water moccasin is severely wounded.
You feel sick. The water moccasin closely misses you.
The water moccasin bites you.
You are more poisoned.
The water moccasin poisons you!
You hit the water moccasin.
The water moccasin is severely wounded.
You feel very sick. The water moccasin bites you!
The water moccasin misses you.
You barely miss the water moccasin.
The water moccasin is severely wounded.
* * * LOW HITPOINT WARNING * * *
You feel very sick. The water moccasin bites you.
* * * LOW HITPOINT WARNING * * *
You are more poisoned.
The water moccasin poisons you!
It was a potion of mutation.
You feel extremely strange.
Iridescent scales grow over part of your body.
You feel your magical essence link to the dungeon's wands.
Iridescent scales spread over more of your body.
You feel vulnerable to cold.
You feel less in control of your magic.
You slurp down every last drop of the potion of mutation!
You die...

####.####.........#
#......########.###
#.##.#.# #.# #.##.#.#
##'## #.##.#.#
##...## #.##.#.#
##.....## #.##...#
##>......#
#.##...####.........#
#.#.......'.@S......+
#......####.........#
####..## ##....[..##
#..# ##.....## ##.#
##...## #.# #+## #.#
#.# #.#


You could see a water moccasin.

Vanquished Creatures
  2 centaurs
  An iguana (D:3)
  6 adders
  3 dart slugs
  5 orcs (D:3)
  3 ball pythons
  6 bats
  9 endoplasms
  3 giant cockroaches
  7 goblins
  5 hobgoblins
  4 jackals (D:1)
  5 frilled lizards
  8 kobolds
  2 rats (D:2)
69 creatures vanquished.

Notes
Turn   | Place    | Note
-------+----------+-------------------------------------------
     0 | D:1      | retardedninja the Armataur Fighter began the quest for the
                  | Orb.
     0 | D:1      | Reached XP level 1. HP: 19/19 MP: 1/1
   152 | D:1      | Reached XP level 2. HP: 22/26 MP: 2/2
   350 | D:1      | Reached skill level 4 in Armour
   387 | D:1      | Reached XP level 3. HP: 28/33 MP: 3/3
   559 | D:2      | Found a shadowy altar of Dithmenos.
  1227 | D:3      | Found Aluysk's Distillery.
  1283 | D:3      | Found Fank's Assorted Antiques.
  1321 | D:3      | Reached XP level 4. HP: 32/40 MP: 4/4
  1583 | D:3      | Found an iron altar of Okawaru.
  1583 | D:3      | Found a burning altar of Makhleb.
  1628 | D:3      | Found Casidagg's Assorted Antiques.
  1799 | D:3      | Found Jykkiro's Jewellery Boutique.
  1834 | D:3      | Found Wuis's Weapon Boutique.
  2163 | D:4      | Reached XP level 5. HP: 48/48 MP: 5/5
  2398 | D:4      | Noticed a centaur
  2410 | D:4      | Killed a centaur
  2411 | D:4      | Reached skill level 5 in Armour
  2694 | D:4      | You fall into a shaft and drop 3 floors!
  2708 | D:7      | Noticed a centaur
  2718 | D:7      | Killed a centaur
  2719 | D:7      | Reached XP level 6. HP: 21/55 MP: 6/6
  3046 | D:6      | Noticed a water moccasin
  3058 | D:6      | Gained mutation: You are partially covered in iridescent
                  | scales. (AC +2) [potion of mutation]
  3058 | D:6      | Gained mutation: You expend magic power (3 MP) to
                  | strengthen your wands. [potion of mutation]
  3058 | D:6      | Gained mutation: You are mostly covered in iridescent
                  | scales. (AC +4) [potion of mutation]
  3058 | D:6      | Gained mutation: You are vulnerable to cold. (rC-) [potion
                  | of mutation]
  3058 | D:6      | Gained mutation: Your spells are a little harder to cast,
                  | but a little more powerful. [potion of mutation]
  3058 | D:6      | Succumbed to a water moccasin's poison

Illustrated notes

Levels and vault maps discovered:
D:1:      dpeg_arrival_connections, layout_rooms
D:2:      layout_basic, basic_altar
D:3:      layout_loops_ring, gammafunk_temple_overflow_statue, serial_shops,
          nicolae_shop_statue_plus, nicolae_shop_window_shopping, shop_statue,
          shop, nicolae_shop_advertising_works [nicolae_subvault_shop_adworks]
D:4:      layout_rooms, lemuel_round_altar, minmay_door_square,
          nicolae_underground_beach
D:6:      layout_loops_corners, lemuel_round_altar, minmay_temple_entry_tees,
          st_stairs_1
D:7:      layout_gridville, dk_yredelemnul_ordeal,
          nicolae_overflow_crystal_walls

Skill      XL: |  1  2  3  4  5 |
---------------+----------------+-----
Armour         | 4 5 |  5.2
Fighting       | 3 |  3.9
Axes           | 2 3 |  3.0
Shields        | 4 |  4.7

Action                     |  1- 3 |  4- 6 || total
---------------------------+-------+-------++-------
  Melee: War axe           |   121 |    78 ||   199
         Tailslap          |     8 |    11 ||    19
    Use: Potion            |       |     1 ||     1
 Armour: Scale mail        |    96 |    54 ||   150
  Dodge: Dodged            |    56 |    41 ||    97
  Block: Buckler           |    26 |    16 ||    42

Table legend: (Time is in decaauts)
 A = Elapsed time spent in this place.
 B = Non-inter-level travel time spent in this place.
 C = Inter-level travel time spent in this place.
 D = Time resting spent in this place.
 E = Time spent auto-exploring this place.
 F = Levels seen in this place.
 G = Mean time per level.
                   A        B        C        D        E       F      G
               +--------+--------+--------+--------+--------+-----+--------+
         Total |   3141 |   3095 |     46 |    440 |   2130 |   6 |  523.5 |
       Dungeon |   3141 |   3095 |     46 |    440 |   2130 |   6 |  523.5 |
               +--------+--------+--------+--------+--------+-----+--------+

Top non-repeatable levels by time:
     D:3: 936 daAuts
     D:2: 688 daAuts
     D:1: 584 daAuts
     D:4: 562 daAuts
     D:7: 288 daAuts
     D:6: 81 daAuts
